 Seeded DCSS version 0.29.1-15-g9cfb28693d (webtiles) character file.

Game seed: 8515177902725472229 (custom seed)

1471 valliere the Sneak (level 8, -9/39 HPs)
             Began as a Spriggan Enchanter on Apr 18, 2023.
             Was an Initiate of Hepliaklqana.
             Killed from afar by a steam dragon (17 damage)
             ... with a ball of steam
             ... on level 6 of the Dungeon.
             The game lasted 00:18:51 (4747 turns).

valliere the Sneak (Spriggan Enchanter)             Turns: 4747, Time: 00:18:51

Health: -9/39      AC:  3    Str:  4    XL:     8   Next: 49%
Magic:  16/16      EV: 19    Int: 21    God:    Hepliaklqana [......]
Gold:   899        SH:  0    Dex: 18    Spells: 13/16 levels left

rFire   . . .      SeeInvis +   f - +8 arbalest "Neab" {elec, Will+ Int+5}
rCold   . . .      Faith    .   (shield currently unavailable)
rNeg    . . .      Spirit   .   b - +0 robe
rPois   .          Reflect  .   l - +0 hat
rElec   .          Harm     .   J - +0 cloak
rCorr   .          Rampage  .   (gloves unavailable)
Will    ++...                   (boots unavailable)
Stlth   ++++......              n - amulet of the acrobat
HPRegen 0.13/turn               (no ring)
MPRegen 0.15/turn               (no ring)

@: very quick
A: very small, no large weapons, unfitting armour, see invisible, speed 3
a: Renounce Religion


You were on level 6 of the Dungeon.
You worshipped Hepliaklqana.
Hepliaklqana was noncommittal.
You visited 1 branch of the dungeon, and saw 6 of its levels.

You collected 899 gold pieces.

Inventory:

Hand Weapons
 a - a +1 dagger
 f - the +8 arbalest "Neab" (weapon) {elec, Will+ Int+5}
   (You acquired it on level 1 of the Dungeon)

   Any ammunition fired from it occasionally discharges a powerful burst of
   electricity upon striking a foe.
   Int:       It affects your intelligence (+5).
   Will:      It increases your willpower.
 q - a +3 demon blade of pain
 C - a +0 dagger of draining
 F - a +2 dagger of holy wrath
Missiles
 p - 3 throwing nets
Armour
 b - a +0 robe (worn)
 l - a +0 hat (worn)
 r - the +3 warlock's mirror {reflect}
   (You acquired it on level 2 of the Dungeon)

   It can block and reflect piercing ranged attacks and magical attacks against
   the wielder's willpower.
 J - a +0 cloak (worn)
Jewellery
 n - an amulet of the acrobat (around neck)
Wands
 B - a wand of paralysis (2)
Scrolls
 e - a scroll of poison {unknown}
 i - 3 scrolls of blinking
 o - a scroll of enchant weapon {unknown}
 s - 2 scrolls of teleportation
 u - a scroll of vulnerability {unknown}
 v - 2 scrolls of noise {unknown}
 w - 2 scrolls of amnesia {unknown}
 x - 2 scrolls of fear
 y - 4 scrolls of enchant armour
 E - a scroll of butterflies {unknown}
 G - a scroll of brand weapon {unknown}
 H - 3 scrolls of identify
 I - a scroll of summoning {unknown}
Potions
 c - 2 potions of invisibility
 d - 3 potions of curing {unknown}
 g - 2 potions of attraction {unknown}
 h - a potion of might {unknown}
 j - a potion of flight {unknown}
 k - 3 potions of heal wounds {unknown}
 m - a potion of mutation {unknown}
 t - 2 potions of haste {unknown}
 z - 2 potions of lignification {unknown}
 A - a potion of magic {unknown}
 D - a potion of cancellation {unknown}


   Skills:
 + Level 2.3 Fighting
 + Level 3.1(3.7) Short Blades
 + Level 2.0(2.6) Long Blades
 * Level 4.5 Ranged Weapons
 + Level 5.0 Dodging
 + Level 6.8 Stealth
 + Level 4.7 Spellcasting
 + Level 5.5 Hexes
 + Level 2.7 Translocations
 + Level 4.0 Evocations


You had 13 spell levels left.
You knew the following spells:

 Your Spells              Type           Power      Damage    Failure   Level
a - Portal Projectile     Hex/Tloc       44%        N/A       6%          3

Your spell library contained the following spells:

 Spells                   Type           Power      Damage    Failure   Level
 Slow                     Hex            100%       N/A       1%          1
 Confusing Touch          Hex            28%        N/A       3%          3
 Tukima's Dance           Hex            28%        N/A       3%          3
 Ensorcelled Hibernation  Hex/Ice        32%        N/A       5%          2
 Beastly Appendage        Tmut           8%         N/A       11%         1
 Dazzling Flash           Conj/Hex       32%        N/A       11%         3
 Inner Flame              Hex/Fire       16%        N/A       11%         3
 Cause Fear               Hex            14%        N/A       11%         4
 Wereblood                Tmut           4%         N/A       17%         2
 Call Canine Familiar     Summ           4%         N/A       32%         3
 Spider Form              Tmut/Pois      4%         N/A       32%         3
 Vampiric Draining        Necr           4%         2d6       32%         3
 Leda's Liquefaction      Hex/Erth       8%         N/A       34%         4
 Passage of Golubria      Tloc           16%        N/A       34%         4
 Silence                  Hex/Air        8%         N/A       69%         5
 Olgreb's Toxic Radiance  Pois           4%         N/A       73%         4
 Ozocubu's Refrigeration  Ice            2%         4d7       100%        7
 Discord                  Hex            14%        N/A       100%        8
 Ignition                 Fire           2%         3d3       100%        8
 Lehudib's Crystal Spear  Conj/Erth      2%         10d2      100%        8


Dungeon Overview and Level Annotations

Branches:
Dungeon (6/15)
 Temple: D:4-7

Altars:
Hepliaklqana
Vehumet
Xom

Shops:
D:2 *   D:5 **

Annotations:
D:6 3 runed translucent doors, wextippler1's ghost, novice DsCj


Innate Abilities, Weirdness & Mutations

You are very small and have problems with some larger weapons.
You are too small for most types of armour.
You have supernaturally acute eyesight. (SInv)
You cover ground extremely quickly. (Speed+++)


Message History

You shoot a bolt. The bolt closely misses the rat.
You shoot a bolt. The bolt hits the rat!
You kill the rat!
No target in view!
You see here a quokka corpse.
You see here a river rat corpse.
You now have 899 gold pieces (gained 11). 3 river rats, 2 quokkas and 2 rats come into view.
You shoot a bolt. The bolt hits the wight!!
You destroy the wight!
You hear an angry hiss.
You shoot a bolt. The bolt hits the quokka!
You kill the quokka!
The rat twitches its whiskers.
You shoot a bolt. The bolt hits the rat!
You kill the rat!
You hear an angry hiss.
You shoot a bolt. The bolt hits the quokka!!
You kill the quokka!
The rat misses you.
You shoot a bolt. The bolt hits the rat!!
You kill the rat!
You shoot a bolt.
The bolt closely misses the steam dragon.
The steam dragon misses you. The steam dragon closely misses you.
You shoot a bolt.
The bolt closely misses the steam dragon.
The river rat misses you. The steam dragon breathes steam at you.
The ball of steam hits you! The river rat misses you.
The steam dragon misses you. The steam dragon claws you.
You shoot a bolt. The bolt hits the steam dragon.
Lightning courses through the steam dragon!
The steam dragon is moderately wounded.
You are engulfed in a cloud of scalding steam.
* * * LOW HITPOINT WARNING * * *
The river rat completely misses you. The steam dragon breathes steam at you.
The ball of steam hits you!
You die... #### ######### #.... ##......÷# #$.r.r #........# .r.r.rr

#......... .r. r)####
##........ #..
#r#.######.##†.†...
#r###r#..#.##.#.##....
...#r###.#..##.####.#
#.#@# ##...#.###.÷.#
#D### #...÷## #.###
##..###.#†#.###÷#
#######
##..#.##†#.##.##
......# ###÷.##).#.#†#
......# ####.####÷##
......# #.## ###
......# ##.## .>....##
#.#.##


You could see a steam dragon (catching breath) and 3 river rats.

Vanquished Creatures
  A troll (D:6)
  The ghost of safid the Chiller, an amateur MfIE of Vehumet (D:4)
  A water moccasin (D:5)
  An ice beast (D:6)
  An orc warrior (D:6)
  An ogre (D:6)
  A scorpion (D:6)
  A wight (D:6)
  2 jellies
  4 orc priests
  A gnoll bouda (D:5)
  4 iguanas
  An orc wizard (D:5)
  7 gnolls
  5 adders
  6 river rats (D:6)
  A white imp (D:6)
  2 ufetubi
  3 dart slugs
  22 orcs
  5 ball pythons
  5 bats
  3 endoplasms
  4 giant cockroaches
  7 goblins
  8 hobgoblins
  4 jackals
  7 quokkas
  5 frilled lizards
  4 kobolds
  23 rats
141 creatures vanquished.

Vanquished Creatures (others)
  A river rat (D:6)
1 creature vanquished.

Grand Total: 142 creatures vanquished

Notes
Turn   | Place    | Note
-------+----------+-------------------------------------------
     0 | D:1      | valliere the Spriggan Enchanter began the quest for the
                  | Orb.
     0 | D:1      | Reached XP level 1. HP: 9/9 MP: 5/5
    41 | D:1      | Identified a scroll of acquirement
    41 | D:1      | Acquired the +8 arbalest "Neab" {elec, Will+ Int+5}
   155 | D:1      | Reached XP level 2. HP: 13/13 MP: 6/6
   298 | D:1      | Reached skill level 1 in Ranged Weapons
   940 | D:2      | Reached XP level 3. HP: 16/16 MP: 8/8
   941 | D:2      | Found Vuamm's General Store.
   964 | D:2      | Found a shimmering altar of Xom.
   988 | D:2      | Reached skill level 1 in Evocations
  1009 | D:2      | Reached XP level 4. HP: 21/21 MP: 9/9
  1016 | D:2      | Acquired 524 gold pieces
  1019 | D:2      | Acquired the +3 warlock's mirror {reflect}
  1019 | D:2      | Found the +3 warlock's mirror {reflect}
  1031 | D:2      | Acquired a +3 demon blade of pain
  1188 | D:2      | Reached skill level 5 in Stealth
  1498 | D:3      | Found a faded altar of an unknown god.
  1965 | D:3      | Reached skill level 1 in Fighting
  1965 | D:3      | Reached XP level 5. HP: 25/25 MP: 9/11
  2291 | D:4      | Found a transporter.
  2291 | D:4      | Noticed safid's ghost (amateur MfIE)
  2300 | D:4      | Found a transporter.
  2648 | D:4      | Killed safid's ghost
  2649 | D:4      | Reached XP level 6. HP: 26/30 MP: 12/12
  2748 | D:5      | Entered Level 5 of the Dungeon
  2916 | D:5      | Found a radiant altar of Vehumet.
  3004 | D:5      | Reached XP level 7. HP: 16/33 MP: 13/13
  3216 | D:5      | Reached skill level 1 in Long Blades
  3230 | D:5      | Learned a level 3 spell: Portal Projectile
  3302 | D:5      | Reached skill level 6 in Stealth
  3640 | D:5      | Found Bylic's Specific Store.
  3643 | D:5      | Found Naef Ace's General Store.
  3734 | D:6      | Noticed a steam dragon
  3762 | D:6      | Noticed a troll
  3774 | D:6      | Killed a troll
  3775 | D:6      | Reached skill level 5 in Hexes
  3775 | D:6      | Reached skill level 1 in Translocations
  3912 | D:6      | Found a hazy altar of Hepliaklqana.
  3918 | D:6      | Reached XP level 8. HP: 39/39 MP: 15/15
  3923 | D:6      | Became a worshipper of Hepliaklqana the Forgotten
  3945 | D:6      | Found a runed translucent gate.
  3946 | D:6      | Found a runed translucent gate.
  3946 | D:6      | Found a runed translucent gate.
  3947 | D:6      | Noticed wextippler1's ghost (novice DsCj)
  4693 | D:6      | Reached skill level 5 in Dodging
  4747 | D:6      | Killed from afar by a steam dragon

Illustrated notes

Levels and vault maps discovered:
D:1:      sevenhm_arrival_forest_fort_large_4, layout_basic,
          nrook_loot_triangle, minmay_lizard_pond
D:2:      layout_loops_ring, basic_altar, serial_shops,
          nicolae_shop_temple_entry_statues_fountains
D:3:      layout_basic, ebering_ecumenical_altar_webs, serial_forest,
          infiniplex_forest_lined_corner, infiniplex_forest_lined_1,
          infiniplex_forest_lined_1, infiniplex_forest_clump_small,
          infiniplex_forest_lined_room_3, infiniplex_forest_straight_1,
          infiniplex_forest_lined_room_2, infiniplex_forest_straight_4
D:4:      layout_cave_pools, gammafunk_ghost_arena
D:5:      layout_loops_ring, mainiacjoe_overflow_catwalk, nicolae_specific_store
D:6:      lemuel_ratsnest, layout_rooms, mainiacjoe_overflow_boulevard,
          ebering_ghost_rock_garden, hangedman_abyss_or_decor_stagger,
          serial_park_tiny_1

Skill      XL: |  1  2  3  4  5  6  7  8 |
---------------+-------------------------+-----
Ranged Weapons | 1 2 3 4 |  4.5
Dodging        | 3 4 5 |  5.0
Spellcasting   | 3 4 |  4.7
Evocations     | 1 2 3 4 |  4.0
Hexes          | 4 5 |  5.5
Stealth        | 5 6 |  6.8
Fighting       | 1 2 |  2.3
Short Blades   | 2 3 |  3.1
Long Blades    | 1 2 |  2.0
Translocations | 1 2 |  2.7

Action                   |  1- 3 |  4- 6 |  7- 9 || total
-------------------------+-------+-------+-------++-------
Melee: Dagger            |     7 |       |     4 ||    11
       Demon blade       |       |       |     2 ||     2
 Fire: Arbalest          |    35 |    98 |   103 ||   236
  Use: Scroll            |     1 |     7 |     1 ||     9
Armor: Robe              |     1 |     4 |     4 ||     9
Dodge: Dodged            |    19 |    12 |    47 ||    78
